 Dungeon Crawl Stone Soup version 0.27-a0-1331-g60ef6b6952 (webtiles) character file.

Game seed: 16741026752713489820

13281 Froggeryz the Bludgeoner (level 12, -1/133 HPs)
             Began as a Barachi Berserker on June 25, 2021.
             Was a High Priest of Trog.
             Succumbed to a water moccasin's poison
             ... on level 1 of the Lair of Beasts.
             The game lasted 00:16:56 (12555 turns).

Froggeryz the Bludgeoner (Barachi Berserker)       Turns: 12555, Time: 00:16:57

Health: -1/133     AC: 14    Str: 22    XL:     12   Next: 4%
Magic:  12/12      EV: 11    Int: 10    God:    Trog [*****.]
Gold:   195        SH: 10    Dex: 11    Spells: 11/11 levels left

rFire    + . .     SeeInvis .   S - +1 morningstar (venom)
rCold    . . .     Faith    .   e - +0 buckler {reflect}
rNeg     . . .     Spirit   .   O - +0 ring mail {rF+}
rPois    .         Reflect  +   P - +1 hat
rElec    .         Harm     .   Q - +2 cloak
rCorr    .         Rampage  .   (no gloves)
Will     .....                  (no boots)
Stlth    ..........             k - amulet of reflection
HPRegen  0.32/turn              m - ring of flight
MPRegen  0.13/turn              K - +4 ring of protection

@: berserking, lethally poisoned (-1 -> -20), flying, quick
A: amphibious, slowness 1, strong legs 1, +LOS
a: Hop, Renounce Religion, Berserk, Trog's Hand, Brothers in Arms


You were on level 1 of the Lair of Beasts.
You worshipped Trog.
Trog was extremely pleased with you.
You visited 2 branches of the dungeon, and saw 11 of its levels.
You also visited: Sewer.

You collected 554 gold pieces.
You spent 359 gold pieces at shops.

Inventory:

Hand Weapons
 S - a +1 morningstar of venom (weapon)
Missiles
 j - 61 poisoned darts (quivered)
 x - 2 throwing nets
 y - 18 boomerangs
Armour
 e - a +0 buckler of reflection (worn)
 O - a +0 ring mail of fire resistance (worn)
 P - a +1 hat (worn)
 Q - a +2 cloak (worn)
Jewellery
 k - an amulet of reflection (around neck)
 m - a ring of flight (left hand)
 n - a ring of resist corrosion
 K - a +4 ring of protection (right hand)
 R - the macabre finger necklace {rN+}
   (You found it on level 10 of the Dungeon)

   [amulet of nothing]

   It enables you to equip an extra ring.
   It protects you from negative energy.
Wands
 g - a wand of acid (10)
 u - a wand of flame (24)
 G - a wand of paralysis (10)
 I - a wand of digging (5)
Scrolls
 b - 2 scrolls of teleportation
 c - 4 scrolls of blinking {unknown}
 f - 3 scrolls of enchant weapon {unknown}
 h - 2 scrolls of torment
 i - 6 scrolls of magic mapping {unknown}
 o - 6 scrolls of noise {unknown}
 r - a scroll of silence
 t - 3 scrolls of identify
 w - a scroll of fog {unknown}
 F - a scroll of immolation {unknown}
 L - 2 scrolls of amnesia {unknown}
 M - a scroll of fear {unknown}
 N - a scroll of enchant armour {unknown}
Potions
 a - 2 potions of degeneration {unknown}
 d - 4 potions of attraction {unknown}
 l - 7 potions of curing {unknown}
 p - 7 potions of flight {unknown}
 q - 3 potions of mutation {unknown}
 z - 2 potions of lignification {unknown}
 A - 3 potions of heal wounds {unknown}
 B - 4 potions of might {unknown}
 C - 4 potions of haste
 D - 5 potions of magic {unknown}
 E - a potion of invisibility {unknown}
 H - a potion of brilliance {unknown}


   Skills:
 + Level 6.4 Fighting
 - Level 17.4 Maces & Flails
 + Level 6.0 Armour
 - Level 2.1 Dodging
 - Level 6.4 Shields


You had 11 spell levels left.
You didn't know any spells.
Your spell library was empty.

Dungeon Overview and Level Annotations

Branches:
Dungeon (10/15)            Temple (0/1) D:6            Lair (1/6) D:9
  Sewer (visited)
    Orc: D:9-12

Altars:
Ashenzari
Cheibriados
Dithmenos
Elyvilon
Fedhas
Gozag
Hepliaklqana
Kikubaaqudgha
Okawaru
Qazlal
Sif Muna
Trog
Vehumet
Xom
Yredelemnul
Zin
The Shining One

Shops:
D:1 :   D:2 (   D:5 (   D:8 ?

Annotations:
D:6 1 runed translucent door
D:7 3 runed translucent doors, Glokmah's ghost, novice DsBe
D:9 2 transporters, Delamore's ghost, novice FoFi


Innate Abilities, Weirdness & Mutations

You are amphibious.
You cover ground slowly.
You can hop short distances.
You have an extended range of vision and can be seen from far away.


Message History

You kill the cane toad!
Trog accepts your kill.
* * * LOW HITPOINT WARNING * * *
You feel very sick.
The blink frog blinks!
You block the water moccasin's attack.
A water moccasin comes into view.
The blink frog hits you.
* * * LOW HITPOINT WARNING * * *
You have reached level 12!
Your experience leads to an increase in your attributes!
Increase (S)trength, (I)ntelligence, or (D)exterity?
You feel stronger.
You feel clever.
The water moccasin hisses angrily.
You bludgeon the water moccasin!!
The water moccasin is almost dead.
* * * LOW HITPOINT WARNING * * *
You feel very sick.
You impale the water moccasin!!
You kill the water moccasin!
Trog accepts your kill.
* * * LOW HITPOINT WARNING * * *
You feel very sick.
The blink frog hits you but does no damage.
You puncture the blink frog!
The blink frog looks as sick as possible!
The blink frog is moderately wounded.
* * * LOW HITPOINT WARNING * * *
You feel very sick.
The blink frog hits you but does no damage.
You closely miss the blink frog.
The blink frog is moderately wounded.
* * * LOW HITPOINT WARNING * * *
You feel very sick.
You bludgeon the blink frog!!
You kill the blink frog!
Trog accepts your kill.
* * * LOW HITPOINT WARNING * * *
You feel sick.
Your Armour skill increases to level 6!
You die...

[..## ...## # #### #...##
.#.#...###.S..####
...............+.#
..⌠..>..⌠.....⌠#.# #
.........†.......###.#
.###...###...[.#†...#...#
### #......@.........
#...#.........#..
#....#######....# ⌠....##
###.# ....# # >.## #.. #.


You could see a water moccasin.

Vanquished Creatures
  Gastronok (D:8)
  A hydra (Lair:1)
  3 two-headed ogres
  Pikel (D:4)
  A kobold demonologist (D:10)
  An unseen horror (D:10)
  A cane toad (Lair:1)
  Prince Ribbit (D:6)
  2 trolls (D:10)
  3 blink frogs (Lair:1)
  A wraith (D:10)
  A yak (D:9)
  5 steam dragons
  4 vampire mosquitoes (D:10)
  4 water moccasins
  Duvessa (D:5)
  2 orc warriors
  3 sky beasts
  3 black bears (D:4)
  An ice beast (D:7)
  2 hornet zombies (D:7)
  4 necrophages
  An ogre (D:5)
  4 centaurs
  A phantom (D:6)
  A lemure (D:3)
  5 kobold brigands
  4 bullfrogs
  A wyvern zombie (D:5)
  Blork the orc (D:4)
  2 water moccasin zombies (D:5)
  Dowan (D:5)
  A water moccasin skeleton (D:6)
  3 killer bees (D:7)
  9 wights
  5 howler monkeys
  2 bullfrog zombies (D:5)
  2 centaur zombies
  5 jellies
  A bullfrog skeleton (D:5)
  2 hounds (D:5)
  2 orc priests (D:5)
  A centaur skeleton (D:7)
  2 iguanas
  9 orc wizards
  A killer bee zombie (D:7)
  A hound zombie (D:5)
  A hound skeleton (D:5)
  A mummy (D:7)
  A howler monkey skeleton (D:4)
  3 adders
  A river rat (D:4)
  A shadow imp (D:6)
  3 white imps
  An ufetubus (D:5)
  6 worms
  A dart slug (D:2)
  32 orcs
  13 ball pythons
  4 bats
  4 endoplasms
  A giant cockroach (D:1)
  5 goblins
  9 hobgoblins
  7 jackals
  5 quokkas
  3 frilled lizards
  A goblin skeleton (D:6)
  2 goblin zombies (D:6)
  13 kobolds
  9 rats
240 creatures vanquished.

Vanquished Creatures (others)
  A shadow (D:9)
  3 fungi
  26 plants
30 creatures vanquished.

Grand Total: 270 creatures vanquished

Notes
Turn   | Place    | Note
-------+----------+-------------------------------------------
     0 | D:1      | Froggeryz the Barachi Berserker began the quest for the
                  | Orb.
     0 | D:1      | Reached XP level 1. HP: 18/18 MP: 1/1
   146 | D:1      | Found Unoawoma's Book Shoppe.
   341 | D:1      | Reached XP level 2. HP: 21/24 MP: 2/2
   618 | D:1      | Reached skill level 4 in Maces & Flails
   907 | D:2      | Reached XP level 3. HP: 29/29 MP: 3/3
   950 | D:2      | Reached ** piety under Trog
  1387 | D:2      | Found Omemif's Antique Weapon Shop.
  1518 | D:2      | Reached XP level 4. HP: 21/36 MP: 4/4
  1636 | D:2      | Reached skill level 5 in Maces & Flails
  1735 | D:2      | Found a faded altar of an unknown god.
  2122 | D:2      | Reached XP level 5. HP: 19/41 MP: 5/5
  2446 | D:3      | Found a glowing golden altar of the Shining One.
  2800 | D:3      | Found a snail-covered altar of Cheibriados.
  3041 | D:3      | Found a shimmering altar of Xom.
  3043 | D:3      | Found a bloodstained altar of Trog.
  3043 | D:3      | Found a glowing silver altar of Zin.
  3044 | D:3      | Found a glowing silver altar of Zin.
  3044 | D:3      | Found a blossoming altar of Fedhas.
  3044 | D:3      | Found a broken altar of Ashenzari.
  3046 | D:3      | You are sucked into a shaft and drop 2 floors!
  3046 | D:5      | Entered Level 5 of the Dungeon
  3067 | D:5      | Noticed Dowan
  3080 | D:5      | Killed Dowan
  3081 | D:5      | Reached skill level 6 in Maces & Flails
  3081 | D:5      | Reached XP level 6. HP: 44/48 MP: 6/6
  3208 | D:4      | Noticed Pikel
  3210 | D:4      | Paralysed by Pikel for 3 turns
  3214 | D:4      | Noticed Blork the orc
  3224 | D:4      | Noticed a necrophage
  3237 | D:4      | Killed a necrophage
  3265 | D:4      | Identified a scroll of acquirement
  3266 | D:4      | Acquired a +0 buckler of reflection
  3368 | D:4      | Killed Blork the orc
  3369 | D:4      | Reached skill level 7 in Maces & Flails
  3369 | D:4      | Reached skill level 1 in Shields
  3435 | D:4      | Found a glowing drain.
  3445 | D:4      | Reached *** piety under Trog
  3448 | D:4      | Reached XP level 7. HP: 48/55 MP: 7/7
  3474 | Sewer    | Entered a sewer
  4255 | D:4      | Reached skill level 8 in Maces & Flails
  4373 | D:4      | Reached XP level 8. HP: 61/61 MP: 8/8
  4597 | D:4      | Killed Pikel
  4598 | D:4      | Reached skill level 9 in Maces & Flails
  5155 | D:5      | Reached XP level 9. HP: 66/66 MP: 9/9
  5233 | D:5      | Found a glowing silver altar of Zin.
  5239 | D:5      | Found a radiant altar of Vehumet.
  5243 | D:5      | Reached **** piety under Trog
  5244 | D:5      | Reached skill level 10 in Maces & Flails
  5261 | D:5      | Found a shadowy altar of Dithmenos.
  5347 | D:5      | Noticed Duvessa
  5348 | D:5      | Found an ancient bone altar of Kikubaaqudgha.
  5373 | D:5      | Killed Duvessa
  5606 | D:5      | Found Eleesa's Antique Weapon Shop.
  5648 | D:5      | Bought a brightly glowing mace for 184 gold pieces
  5648 | D:5      | Identified the +1 mace of Julocem {elec, rF- rN+ Stlth+}
                  | (You bought it in a shop on level 5 of the Dungeon)
  5905 | D:6      | Found a runed translucent door.
  5949 | D:6      | Reached skill level 11 in Maces & Flails
  6065 | D:6      | Noticed Prince Ribbit
  6075 | D:6      | Killed Prince Ribbit
  6179 | D:6      | Reached skill level 12 in Maces & Flails
  6248 | D:6      | Found a basalt altar of Yredelemnul.
  6286 | D:6      | Found a staircase to the Ecumenical Temple.
  7031 | D:7      | Reached XP level 10. HP: 57/73 MP: 10/10
  7037 | D:7      | Reached skill level 13 in Maces & Flails
  7165 | D:7      | Found a runed translucent gate.
  7167 | D:7      | Found a runed translucent gate.
  7189 | D:7      | Found a runed translucent gate.
  7190 | D:7      | Noticed Glokmah's ghost (novice DsBe)
  7193 | D:7      | Reached ***** piety under Trog
  7484 | D:7      | Found a blossoming altar of Fedhas.
  7494 | D:7      | Found a stormy altar of Qazlal.
  7497 | D:7      | Found an opulent altar of Gozag.
  7687 | D:7      | Found a bloodstained altar of Trog.
  7895 | D:8      | Found Foitoev's Magic Scroll Shop.
  7939 | D:8      | Noticed Gastronok
  7952 | D:8      | Killed Gastronok
  7953 | D:8      | Reached skill level 15 in Maces & Flails
  8526 | D:8      | Found a shimmering blue altar of Sif Muna.
  8619 | D:8      | Noticed a two-headed ogre
  8630 | D:8      | Killed a two-headed ogre
  8631 | D:8      | Reached XP level 11. HP: 78/78 MP: 11/11
  9612 | D:9      | Found a hazy altar of Hepliaklqana.
  9681 | D:9      | Found a staircase to the Lair.
  9746 | D:9      | Reached skill level 16 in Maces & Flails
  9865 | D:9      | Noticed a two-headed ogre
  9875 | D:9      | Killed a two-headed ogre
  9990 | D:9      | Noticed a centaur warrior
  9994 | D:9      | Noticed Delamore's ghost (novice FoFi)
  9997 | D:9      | Noticed a two-headed ogre
 10008 | D:9      | Killed a two-headed ogre
 10673 | D:9      | Found an iron altar of Okawaru.
 10673 | D:9      | Found a white marble altar of Elyvilon.
 10734 | D:9      | Found a transporter.
 10749 | D:9      | Found a transporter.
 10826 | D:10     | Entered Level 10 of the Dungeon
 10930 | D:10     | Reached skill level 17 in Maces & Flails
 11463 | D:10     | Found the macabre finger necklace {rN+}
 12200 | D:2      | Bought a runed morningstar for 175 gold pieces
 12333 | Lair:1   | Entered Level 1 of the Lair of Beasts
 12333 | Lair:1   | Noticed an eight-headed hydra
 12377 | Lair:1   | Reached skill level 5 in Fighting
 12377 | Lair:1   | Killed an eight-headed hydra
 12378 | Lair:1   | Reached skill level 5 in Armour
 12550 | Lair:1   | Reached XP level 12. HP: 18/88 MP: 12/12
 12553 | Lair:1   | HP: 5/132 [poisoned by a water moccasin]
 12555 | Lair:1   | Succumbed to a water moccasin's poison

Illustrated notes

Levels and vault maps discovered:
D:1:      onia_arrival_pyramid, layout_loops_ring, serial_shops,
          nicolae_shop_waterfront
D:2:      layout_loops_ring, serial_shops, nicolae_shop_statue_plus,
          basic_ecumenical_altar, serial_forest, infiniplex_forest_straight_5,
          infiniplex_forest_lined_1, infiniplex_forest_end_3,
          infiniplex_forest_end_1, infiniplex_forest_clump_tiny,
          glass_columns_a, minmay_vboxes
D:3:      layout_rooms, doesnt_xom_only_xom, tso_oasis_becter,
          marbit_many_paths, minmay_stone_trees_small,
          minmay_misc_feat_nine_boxes, minmay_misc_feat_iff
D:4:      kennysheep_spiral_hall, layout_basic, portal_sewer_entry_b,
          serial_bayou_lagoon_b, uniq_pikel, uniq_blork_the_orc
D:5:      layout_rooms, nicolae_overflow_hidden_temple, lemuel_round_altar,
          kennysheep_little_box, serial_shops, nicolae_shop_crystal,
          uniq_duvessa
D:6:      cheibrodos_steamvent, layout_cave_pools, dk_yredelemnul_ordeal,
          minmay_temple_entry_nine_rooms, uniq_prince_ribbit1
D:7:      layout_basic, grunt_temple_overflow_forces_of_nature,
          amcnicky_altar_gilded, kennysheep_mini_moat, serial_undead,
          serial_undead_a, serial_undead_a, serial_undead_b, serial_undead_e,
          gammafunk_ghost_split
D:8:      layout_loops_cross, nicolae_overflow_crystal_walls, serial_shops,
          shop_scrolls, chequers_serial_rivers_large_b, nrook_mini_backslash,
          uniq_gastronok
D:9:      layout_roguey, lemuel_round_altar, gammafunk_temple_overflow_wave,
          lair_entry_dummy, gammafunk_ghost_arena, palyth_stone_intersect,
          chequers_serial_rivers_marsh, st_stairs_10
D:10:     layout_loops_cross
Lair:1:   layout_concentric_octagons, portal_ice_cave_demonic_guard,
          infiniplex_staircase_pool_2, grunt_megastairs_5

Skill      XL: |  1  2  3  4  5  6  7  8  9 10 11 12 |
---------------+-------------------------------------+-----
Maces & Flails | 4 5 6 7 8 9 12 15 17 | 17.4
Armour         | 3 4 5 6 |  6.0
Fighting       | 4 6 |  6.4
Shields        | 1 4 6 |  6.4
Dodging        | |  2.1

Action                   |  1- 3 |  4- 6 |  7- 9 | 10-12 || total
-------------------------+-------+-------+-------+-------++-------
Melee: Mace              |   115 |   145 |   366 |   369 ||   995
       Morningstar       |       |       |       |    51 ||    51
Throw: Dart              |       |       |     1 |       ||     1
Invok: Berserk           |     1 |     5 |     5 |     9 ||    20
       Trog's Hand       |       |     2 |     1 |     1 ||     4
 Abil: Hop               |     1 |       |       |     2 ||     3
Evoke: Wand              |       |       |       |     1 ||     1
  Use: Scroll            |       |     5 |       |       ||     5
 Stab: Sleeping          |     1 |       |       |     1 ||     2
       Paralysed         |       |       |       |     5 ||     5
Armor: Animal skin       |     3 |       |       |       ||     3
       Chain mail        |    54 |    98 |   122 |    19 ||   293
       Ring mail         |       |       |       |   135 ||   135
Dodge: Dodged            |    61 |    66 |   102 |   123 ||   352
Block: Other             |       |    34 |    38 |       ||    72
       Reflection        |       |       |     1 |     6 ||     7
       Buckler           |       |       |    72 |   170 ||   242

Table legend: (Time is in decaauts)
 A = Elapsed time spent in this place.
 B = Non-inter-level travel time spent in this place.
 C = Inter-level travel time spent in this place.
 D = Time resting spent in this place.
 E = Time spent auto-exploring this place.
 F = Levels seen in this place.
 G = Mean time per level.
                   A        B        C        D        E       F      G
               +--------+--------+--------+--------+--------+-----+--------+
         Total |  13946 |  13191 |    755 |   2396 |   8526 |  12 | 1162.2 |
       Dungeon |  13134 |  12379 |    755 |   2261 |   8045 |  10 | 1313.4 |
          Lair |     38 |     38 |      0 |      0 |      0 |   1 |   38.0 |
         Sewer |    772 |    772 |      0 |    135 |    481 |   1 |  772.0 |
               +--------+--------+--------+--------+--------+-----+--------+

Top non-repeatable levels by time:
     D:9: 1789 daAuts
     D:7: 1719 daAuts
     D:2: 1660 daAuts
     D:8: 1610 daAuts
     D:4: 1234 daAuts
    D:10: 1201 daAuts
     D:3: 1038 daAuts
     D:1: 1024 daAuts
     D:5: 950 daAuts
     D:6: 906 daAuts
   Sewer: 772 daAuts
  Lair:1: 38 daAuts
